 Dungeon Crawl Stone Soup version 0.23.1-37-gaa34b87 (webtiles) character file.

Game seed: 9848863477957939879

136 Borgoz the Skirmisher (level 5, -2/46 HPs)
             Began as a Ghoul Monk on Mar 21, 2019.
             Killed from afar by an orc wizard (9 damage)
             ... with a magic dart
             ... on level 3 of the Dungeon.
             The game lasted 00:03:25 (1389 turns).

Borgoz the Skirmisher (Ghoul Monk)                  Turns: 1389, Time: 00:03:26

Health: -2/46      AC:  6    Str: 15    XL:     5   Next: 19%
Magic:  4/4        EV: 10    Int:  6    God:
Gold:   37         SH:  0    Dex: 11    Spells: 4/4 levels left

rFire    . . .     SeeInvis .   a - +0 short sword
rCold    + . .     Gourm    .   (no shield)
rNeg     + + +     Faith    .   h - +0 scale mail
rPois    ∞         Spirit   .   (no helmet)
rElec    .         Reflect  .   (no cloak)
rCorr    .         Harm     .   (no gloves)
MR       .....                  (no boots)
Stlth    +.........             (no amulet)
HPRegen  0.00/turn              (no ring)
MPRegen  0.09/turn              (no ring)

@: flying, rotting
A: rotting body, claws 1, carnivore, cold resistance 1, negative energy
resistance 3, inhibited regeneration, torment resistance, unbreathing
a: no special abilities


You were on level 3 of the Dungeon.
You were not hungry.

You visited 1 branch of the dungeon, and saw 3 of its levels.

You collected 37 gold pieces.

Inventory:

Hand Weapons
 a - a +0 short sword (weapon)
Armour
 g - a +0 ring mail
 h - a +0 scale mail (worn)
Scrolls
 e - a scroll of remove curse
Comestibles
 c - 4 rations


   Skills:
 + Level 3.8 Fighting
 + Level 3.2 Short Blades
 * Level 2.3 Armour
 + Level 3.2 Dodging
 + Level 3.0 Stealth


You had 4 spell levels left.
You didn't know any spells.
Your spell library was empty.

Dungeon Overview and Level Annotations

Branches:
Dungeon (3/15)

Altars:
Ru


Innate Abilities, Weirdness & Mutations

Your body is rotting away.
You thrive on raw meat.
You are immune to poison.
You have sharp fingernails.
You are carnivorous and can eat meat at any time.
Your flesh is cold resistant. (rC+)
You are immune to negative energy. (rN+++)
You do not regenerate when monsters are visible.
You are immune to unholy pain and torment.
You can survive without breathing.


Message History

You closely miss something. Something hits you.
* * * LOW HITPOINT WARNING * * *
You hit something but do no damage.
You hear some strange, mumbled words.
Something tries to affect you, but you resist.
Okay, then.
It was a potion of flight.
You feel very buoyant.
You fly up into the air.
Something hits you.
* * * LOW HITPOINT WARNING * * *
You aren't carrying any potions.
As you read the scroll labeled JICINEGRUR, it crumbles to dust.
It is a scroll of identify.
You don't have any unidentified items.
Something hits you but does no damage.
You hit something.
You hear some strange, mumbled words.
A magic dart appears from out of thin air!
The magic dart hits you!
You die...

#.##.# #.#.#.#.#
#.##.#### #...#.###
#.##.##.###.#.#.######
#.<#........#........#
##.÷#......#.#.#.######
........)....#.#.#
#........#.#.#.#.#
......##.#.#.#.#.#
##....##.#.#.#.#@#
#.........#.#.#{#
#.#.............# #.
#.......{##### #.
.##.##


There were no monsters in sight!

Vanquished Creatures
  Terence (D:2)
  5 adders (D:2)
  An ooze (D:1)
  2 worms (D:2)
  5 dart slugs
  3 leopard geckos
  2 orcs (D:3)
  6 bats
  2 giant cockroaches (D:1)
  6 goblins
  3 hobgoblins (D:1)
  2 ball pythons (D:1)
  2 frilled lizards (D:1)
  A jackal skeleton (D:3)
  A kobold (D:1)
  A leopard gecko zombie (D:3)
  7 rats
50 creatures vanquished.

Notes
Turn   | Place    | Note
-------+----------+-------------------------------------------
     0 | D:1      | Borgoz the Ghoul Monk began the quest for the Orb.
     0 | D:1      | Reached XP level 1. HP: 19/19 MP: 0/0
    84 | D:1      | Reached XP level 2. HP: 20/26 MP: 1/1
   109 | D:1      | Reached skill level 1 in Armour
   383 | D:1      | Reached XP level 3. HP: 27/31 MP: 2/2
   777 | D:2      | Reached XP level 4. HP: 32/40 MP: 3/3
   927 | D:2      | Noticed Terence
   957 | D:2      | Killed Terence
   972 | D:2      | Reached XP level 5. HP: 33/46 MP: 4/4
  1014 | D:2      | Found a sacrificial altar of Ru.
  1389 | D:3      | Killed from afar by an orc wizard

Skill      XL: |  1  2  3  4 |
---------------+-------------+-----
Armour         | 1 2 |  2.3
Short Blades   | 3 |  3.2
Dodging        | 3 |  3.2
Stealth        | 3 |  3.0
Fighting       | |  3.8

Action                   |  1- 3 |  4- 6 || total
-------------------------+-------+-------++-------
Melee: Short sword       |   121 |   181 ||   302
  Use: Potion            |       |     4 ||     4
       Scroll            |       |     4 ||     4
 Stab: Sleeping          |     3 |       ||     3
  Eat: Chunk             |     3 |    16 ||    19
Armor: Robe              |    15 |       ||    15
       Ring mail         |     9 |    12 ||    21
       Scale mail        |       |    43 ||    43
Dodge: Dodged            |    75 |    63 ||   138
